 Dungeon Crawl Stone Soup version 0.20-a0-876-g2c7b0bf (webtiles) character file.

42 4thArraOfDagon the Slasher (level 3, 0/28 HPs)
             Began as a Demigod Wanderer on Mar 15, 2017.
             Slain by a bullfrog zombie (6 damage)
             ... on level 3 of the Dungeon.
             The game lasted 00:01:57 (450 turns).

4thArraOfDagon the Slasher (Demigod Wanderer)        Turns: 450, Time: 00:01:57

Health: 0/28       AC:  2    Str: 13 (15) XL:     3   Next: 19%
Magic:  6/6        EV: 11    Int: 17 (19) God:
Gold:   39         SH:  0    Dex: 12 (14) Spells: 4/4 levels left

rFire    . . .     SeeInvis .   a - +2 falchion
rCold    . . .     Gourm    .   c - +0 robe
rNeg     . . .     Faith    .   (no shield)
rPois    .         Spirit   .   (no helmet)
rElec    .         Reflect  .   (no cloak)
rCorr    .         Harm     .   (no gloves)
MR       .....                  (no boots)
Stlth    ++........             (no amulet)
Regen    0.1/turn               (no ring)
MPRegen  0.1/turn               j - ring of wizardry

@: no status effects
A: high mp 1
a: no special abilities


You were on level 3 of the Dungeon.
You were not hungry.

You visited 1 branch of the dungeon, and saw 3 of its levels.

You collected 39 gold pieces.

Inventory:

Hand Weapons
 a - a +2 falchion (weapon)
 d - a +0 dagger
Armour
 c - a +0 robe (worn)
Jewellery
 j - a ring of wizardry (left hand)
Scrolls
 b - 2 scrolls of teleportation
 k - a scroll of identify {unknown}
Potions
 e - a potion of resistance {unknown}
 h - a potion of berserk rage {unknown}
 i - a potion of invisibility {unknown}
Comestibles
 f - 2 bread rations
 g - a meat ration


   Skills:
 - Level 1.0 Fighting
 + Level 4.0 Long Blades
 - Level 1.7 Stealth
 - Level 1.0 Spellcasting
   Level 1.7 Hexes
   Level 1.0 Evocations


You had 4 spell levels left.
You didn't know any spells.

Dungeon Overview and Level Annotations

Branches:
Dungeon (3/15)

Shops:
D:3 *


Innate Abilities, Weirdness & Mutations

You have an increased reservoir of magic. (+10% MP)


Message History

The bullfrog zombie is moderately damaged.
The bullfrog zombie hits you. The bullfrog zombie barely misses you.
You slash the bullfrog zombie!
The bullfrog zombie is heavily damaged.
The bullfrog zombie hits you.
You hit the bullfrog zombie.
The bullfrog zombie is heavily damaged.
The bullfrog zombie barely misses you. The bullfrog zombie hits you.
You slash the bullfrog zombie!
The bullfrog zombie is severely damaged.
The bullfrog zombie closely misses you.
You slash the bullfrog zombie!
The bullfrog zombie is almost destroyed.
The bullfrog zombie misses you.
You barely miss the bullfrog zombie.
The bullfrog zombie is almost destroyed.
The bullfrog zombie hits you.
* * * LOW HITPOINT WARNING * * *
The bullfrog zombie hits you.
You die...

.%.SS.##..≈....⌠.⌠.≈#
...#.##...._...∩..≈# #.
#.###.≈....⌠.⌠.≈#
#####.##.# #.≈≈≈≈.....≈.
##........###....≈≈≈≈≈≈≈.
#...##.#>.........####...
........S.....<......'...
#...##.#Z####.#...####...
# #..#@# #....## ##..
#.##.# ###.## ##. #. #.#
#.# ## #. #.# #.# # . ..#
#.# # ### S#


You could see an adder and a bullfrog zombie.

Vanquished Creatures
  2 adders
  3 dart slugs
  A ball python (D:1)
  3 giant cockroaches
  A goblin (D:1)
  2 hobgoblins
  2 kobolds
  2 bats (D:1)
  A frilled lizard (D:1)
  3 rats (D:1)
20 creatures vanquished.

Notes
Turn   | Place    | Note
-------+----------+-------------------------------------------
     0 | D:1      | 4thArraOfDagon the Demigod Wanderer began the quest for the Orb.
     0 | D:1      | 4thArraOfDagon set off with: a +2 falchion, a scroll of teleportation, a +0 robe, a +0 dagger, a bread ration
     0 | D:1      | Reached XP level 1. HP: 16/16 MP: 4/4
   100 | D:1      | Reached skill level 3 in Long Blades
   157 | D:1      | Reached XP level 2. HP: 17/23 MP: 5/5
   356 | D:3      | Found an opulent altar of Gozag.
   356 | D:3      | Found Gozag's Platinum Reserve.
   406 | D:3      | Reached skill level 4 in Long Blades
   406 | D:3      | Reached XP level 3. HP: 25/28 MP: 6/6
   450 | D:3      | Slain by a bullfrog zombie

Vault maps used:
D:1:      sevenhm_arrival_forest_fort_large_2
D:2:      evilmike_ruin_ashenzari, grunt_ministairs_4, elyvilon_altar_1,
          uniq_jessica, uniq_sigmund, uniq_natasha
D:3:      nicolae_gozag_zags_fifth_avenue, first_bread

Skill      XL: |  1  2 |
---------------+-------+-----
Long Blades    | 3 4 |  4.0
Fighting       | |  1.0
Stealth        | |  1.7
Spellcasting   | |  1.0
Hexes          | |  1.7
Evocations     | |  1.0

Action                   || total
-------------------------++-------
Melee: Falchion          ||    47
  Use: Potion            ||     2
 Stab: Sleeping          ||     2
Armor: Robe              ||    12
Dodge: Dodged            ||    21
       Rpst.: Falchion   ||     6
